 Dungeon Crawl Stone Soup version 0.29-a0-830-gcb1280458a (webtiles) character file.

Game seed: 16302774871029957471

200975 pokeman the Sorcerer (level 17, -1/97 HPs)
             Began as a Deep Elf Hedge Wizard on July 11, 2022.
             Was the Champion of Vehumet.
             Shot with an arrow by a naga sharpshooter (5 damage)
             ... on level 4 of the Snake Pit.
             The game lasted 01:57:57 (41405 turns).

pokeman the Sorcerer (Deep Elf Hedge Wizard)       Turns: 41405, Time: 01:57:58

Health: -1/97      AC: 19    Str: 11    XL:     17   Next: 89%
Magic:  14/59      EV: 11    Int: 38    God:    Vehumet [******]
Gold:   4238       SH: 10    Dex: 14    Spells: 28/68 levels left

rFire   . . .      SeeInvis .   p - staff of conjuration
rCold   . . .      Faith    .   e - +0 buckler
rNeg    . . .      Spirit   .   B - +0 swamp dragon scales
rPois   +          Reflect  +   o - +3 hat of Pondering {ponderous, Will+ MP+10 Int+5}
rElec   .          Harm     .   K - +1 cloak "Puazig" {Int+5}
rCorr   .          Rampage  .   V - +2 pair of gloves
Will    ++++.                   m - +0 pair of boots
Stlth   ++........              E - amulet "Hiuddiqeax" {Reflect rF- rC+ Will++ Str+4 SH+5}
HPRegen 0.26/turn               W - ring of wizardry
MPRegen 0.36/turn               P - ring of fire

@: slow
A: poison resistance, wild magic 1
}: 1/15 runes: decaying
a: Renounce Religion


You were on level 4 of the Snake Pit.
You worshipped Vehumet.
Vehumet was exalted by your worship.
You visited 6 branches of the dungeon, and saw 32 of its levels.
You also visited: Ice Cave.

You collected 4268 gold pieces.
You spent 30 gold pieces at shops.

Inventory:

Hand Weapons
 l - a +1 great sword of electrocution
 D - a +2 longbow of freezing
Missiles
 r - a throwing net
Armour
 e - a +0 buckler (worn)
 k - an orb of energy
 m - a +0 pair of boots (worn)
 n - a +1 helmet of intelligence
 o - the +3 hat of Pondering (worn) {ponderous, Will+ MP+10 Int+5}
   (You took it off Gastronok on level 2 of the Lair of Beasts)

   Int:       It affects your intelligence (+5).
   MP:        It affects your magic capacity (+10).
   Will:      It increases your willpower.
 x - a scarf of invisibility
 B - +0 swamp dragon scales (worn)
 K - the +1 cloak "Puazig" (worn) {Int+5}
   (You found it on level 5 of the Dungeon)

   Int:       It affects your intelligence (+5).
 V - a +2 pair of gloves (worn)
Magical Staves
 p - a staff of conjuration (weapon)
Jewellery
 v - a ring of protection from fire
 E - the amulet "Hiuddiqeax" (around neck) {Reflect rF- rC+ Will++ Str+4 SH+5}
   (You found it in an ice cave)

   [amulet of reflection]

   It reflects blocked missile attacks.
   Str:       It affects your strength (+4).
   rF:        It makes you vulnerable to fire.
   rC:        It protects you from cold.
   SH:        It affects your SH (+5).
   Will:      It greatly increases your willpower.
 P - a ring of fire (right hand)
 T - a ring of see invisible
 W - a ring of wizardry (left hand)
Wands
 u - a wand of quicksilver (7)
 w - a wand of iceblast (4)
 U - a wand of digging (11)
Scrolls
 a - 14 scrolls of teleportation
 b - 3 scrolls of enchant armour
 f - a scroll of brand weapon
 h - 3 scrolls of identify
 q - 2 scrolls of amnesia
 s - 4 scrolls of magic mapping
 Q - 5 scrolls of blinking
Potions
 c - a potion of brilliance
 d - 3 potions of magic
 i - a potion of resistance
 j - 12 potions of curing
 t - a potion of flight
 z - a potion of berserk rage
 J - 8 potions of haste
 S - 8 potions of heal wounds
Miscellaneous
 g - a phial of floods


   Skills:
 - Level 8.0 Fighting
 - Level 8.0 Armour
 - Level 3.0 Dodging
 - Level 3.1 Stealth
 + Level 5.5 Shields
 * Level 26.1 Spellcasting
 + Level 16.2 Conjurations
 - Level 1.1 Summonings
 - Level 1.1 Necromancy
 - Level 1.1 Translocations
 + Level 16.0 Fire Magic
 - Level 4.0 Ice Magic
 - Level 1.0 Air Magic
 - Level 1.0 Earth Magic
 - Level 1.1 Poison Magic
 - Level 1.1 Evocations


You had 28 spell levels left.
You knew the following spells:

 Your Spells              Type           Power      Damage    Failure   Level
a - Magic Dart            Conj           100%       1d8       1%          1
b - Mephitic Cloud        Conj/Pois/Air  100%       N/A       1%          3
c - Call Imp              Summ           66%        N/A       1%          2
d - Blink                 Tloc           100%       N/A       1%          2
e - Conjure Flame         Conj/Fire      100%       6-21      1%          3
f - Fireball              Conj/Fire      86%        3d32      1%          5
g - Orb of Destruction    Conj           73%        9d17      1%          7
h - Fire Storm            Conj/Fire      86%        8d22      17%         9
i - Freezing Cloud        Conj/Ice/Air   58%        6-21      1%          5
j - Swiftness             Air            65%        N/A       1%          3

Your spell library contained the following spells:

 Spells                   Type           Power      Damage    Failure   Level
 Starburst                Conj/Fire      86%        6d22      1%          6
 Beastly Appendage        Tmut           100%       N/A       1%          1
 Freeze                   Ice            100%       1d11      1%          1
 Slow                     Hex            100%       N/A       1%          1
 Sting                    Tmut/Pois      100%       1d8       1%          1
 Summon Small Mammal      Summ           100%       N/A       1%          1
 Ensorcelled Hibernation  Hex/Ice        100%       N/A       1%          2
 Passwall                 Tmut/Erth      51%        N/A       1%          2
 Call Canine Familiar     Summ           66%        N/A       1%          3
 Dazzling Flash           Conj/Hex       100%       N/A       1%          3
 Frozen Ramparts          Ice            100%       1d12      1%          3
 Gell's Gravitas          Tloc           66%        N/A       1%          3
 Ozocubu's Armour         Ice            81%        N/A       1%          3
 Portal Projectile        Hex/Tloc       100%       N/A       1%          3
 Summon Guardian Golem    Hex/Summ       63%        N/A       1%          3
 Teleport Other           Tloc           66%        N/A       1%          3
 Hailstorm                Conj/Ice       100%       3d20      1%          4
 Irradiate                Conj/Tmut      60%        3d31      1%          5
 Iskenderun's Battlesphe  Conj           100%       2d15      1%          5
 Conjure Ball Lightning   Conj/Air       61%        3x3d22    1%          6
 Iron Shot                Conj/Erth      61%        9d11      1%          6
 Tukima's Dance           Hex            59%        N/A       2%          3
 Animate Armour           Summ/Erth      100%       N/A       4%          4
 Spellforged Servitor     Conj/Summ      61%        N/A       4%          7
 Petrify                  Tmut/Erth      62%        N/A       5%          4
 Metabolic Englaciation   Hex/Ice        35%        N/A       8%          5
 Agony                    Necr           66%        N/A       11%         5
 Manifold Assault         Tloc           66%        N/A       11%         5
 Silence                  Hex/Air        31%        N/A       13%         5
 Blade Hands              Tmut           29%        N/A       16%         5
 Simulacrum               Ice/Necr       37%        N/A       28%         6
 Dispersal                Tloc           33%        N/A       45%         6
 Statue Form              Tmut/Erth      41%        N/A       52%         6
 Chain Lightning          Conj/Air       61%        3d81      93%         9
 Storm Form               Tmut/Air       31%        N/A       96%         7
 Disjunction              Tloc           33%        N/A       100%        8
 Shatter                  Erth           33%        3d27*     100%        9


Dungeon Overview and Level Annotations

Branches:
Dungeon (15/15)            Temple (1/1) D:5            Lair (6/6) D:11
  Swamp (4/4) Lair:4        Snake (4/4) Lair:4        Slime (0/5) Lair:6
    Orc (2/2) D:9             Elf (0/3) Orc:2        Vaults (0/5) D:14
 Depths (0/4) D:15          IceCv (visited)

Altars:
Dithmenos
Fedhas
Gozag
Kikubaaqudgha
Nemelex Xobeh
Qazlal
Ru
Sif Muna
Trog
Uskayaw
Vehumet
Xom
Yredelemnul
Zin
The Shining One

Shops:
D:4 *   D:10 [   D:11 [   Orc:2 ?:*[   Snake:1 =   Snake:3 [

Portals:
Abyss: Snake:3

Annotations:
Snake:3 2 transporters, Wirghost's ghost, adept DESu


Innate Abilities, Weirdness & Mutations

Your system is resistant to poisons. (rPois)
Your spells are a little harder to cast, but a little more powerful.


Message History

Okay, then.
Unknown command.
Unknown command.
You feel sick.
There is an open door here.
* * * LOW HITPOINT WARNING * * *
You feel sick.
You close the door.
You feel sick.
You feel sick.
You feel sick.
You are no longer poisoned.
A nagaraja opens the door.
A naga sharpshooter comes into view. It is wielding a +0 mace.
You feel much better.
The naga sharpshooter shouts!
The naga sharpshooter unwields a +0 mace.
The naga sharpshooter wields a +0 longbow.
The naga sharpshooter shoots an arrow.
The arrow hits you!
* * * LOW HITPOINT WARNING * * *
The nagaraja spits poison at you.
The splash of poison reflects off an invisible shield around you!
The splash of poison hits the nagaraja.
The naga sharpshooter reads a scroll.
Wisps of shadow swirl around the naga sharpshooter.
Unknown command.
Unknown command.
The black mamba attacks as you move away!
The black mamba bites you!
* * * LOW HITPOINT WARNING * * *
You block the black mamba's attack.
Unknown command.
The naga sharpshooter unwields a +1 mace of venom.
It stops dripping with poison.
The naga sharpshooter wields a +0 longbow.
The naga sharpshooter gestures wildly while chanting.
The naga sharpshooter magically shoots an arrow.
You reflect the arrow off an invisible shield around you!
The naga sharpshooter casts a spell.
The naga sharpshooter magically shoots an arrow.
The arrow hits you.
You die...

##.......# #.......#
#......## #####.##.....#
#..#...##....#
.......#....# ......#....##
#..)##....)######## ## ####
##8)####@..........
.###..###.....##8S.........
..#....#....N....S.........
.N))8..')).⌠............###
..#†...#.)...÷......###'#
.###..###)..÷.##8N.## .. ##
#### ##8.####...# #).÷#
...N# ......#......#


You could see 2 naga sharpshooters, an anaconda (summoned) and a black mamba
(summoned).

Vanquished Creatures
  Bai Suzhen (Swamp:3)
  the Lernaean hydra (Swamp:4)
  Jorgrun (Orc:1)
  2 quicksilver dragons (Snake:4)
  Gastronok (Lair:2)
  A thorn hunter (Swamp:3)
  Donald (Swamp:2)
  2 nagarajas (Snake:4)
  A fenstrider witch (Swamp:2)
  Roxanne (Swamp:3)
  Azrael (Snake:2)
  A white draconian (IceCv)
  5 bunyips
  Snorg (Orc:1)
  An eleionoma (Swamp:1)
  Josephine (D:13)
  A fire dragon (Lair:6)
  A shambling mangrove (Swamp:3)
  8 vault guards (D:14)
  2 rakshasas (D:15)
  19 hydras
  2 ghost crabs
  3 salamander tyrants
  2 boulder beetles
  3 anacondas
  4 alligators
  3 two-headed ogres
  4 centaur warriors
  6 naga warriors
  2 orc high priests (Orc:2)
  23 naga sharpshooters
  6 shock serpents
  8 spriggans
  4 salamander mystics
  7 goliath frogs
  A skeletal warrior (D:13)
  2 spriggan druids
  An obsidian statue (D:10)
  4 bog bodies
  2 naga ritualists
  A glowing orange brain (D:15)
  2 wolf spider zombies (D:13)
  15 swamp dragons
  2 wolf spiders (Lair:6)
  8 mana vipers
  4 orc knights
  A deep elf pyromancer (D:12)
  An orc sorcerer (Orc:2)
  25 ugly things
  An oklob plant (Lair:6)
  11 salamanders
  2 cyclopes
  7 elephants
  24 black mambas
  5 guardian serpents
  2 ice statues (IceCv)
  Maurice (D:8)
  3 manticores
  5 centaur zombies (D:13)
  9 naga magi
  A gargoyle (D:13)
  A torpor snail (Lair:6)
  An efreet (D:14)
  14 cane toads
  Maggie (D:6)
  2 kobold demonologists
  8 komodo dragons
  12 rime drakes
  An unseen horror (D:11)
  3 meliai (D:14)
  2 bloated husks (Swamp:2)
  5 tyrant leeches
  4 trolls
  14 hornets
  A tarantella (shapeshifter) (D:15)
  21 blink frogs
  17 slime creatures
  4 dream sheep (Lair:5)
  A meliai zombie (D:13)
  A spriggan (shapeshifter) (D:14)
  Sigmund (D:7)
  4 shadows
  10 wyverns
  6 vampires
  7 fire elementals
  7 wraiths
  9 basilisks
  Eustachio (D:4)
  42 yaks
  5 steam dragons
  2 redbacks (Lair:6)
  18 vampire mosquitoes
  3 wargs (Orc:2)
  18 swamp worms
  27 nagas
  3 acid dragons
  Edmund (D:7)
  The ghost of pokeman the Magician, an amateur DEHW of Vehumet (D:4)
  32 water moccasins
  2 hell hounds (Snake:2)
  4 sky beasts
  32 orc warriors
  14 swamp drakes
  3 ice beasts
  5 black bears
  3 wolves (Lair:5)
  21 centaurs
  12 ogres
  3 phantoms
  3 kobold brigands
  12 bullfrogs
  A gnoll sergeant (D:9)
  4 scorpions
  A necrophage (D:8)
  7 wights
  2 lindwurm simulacra (IceCv)
  8 killer bees
  2 electric eels
  4 howler monkeys
  9 crimson imps (D:11)
  2 jellies
  16 orc priests
  Crazy Yiuf (D:2)
  2 hounds
  6 komodo dragon simulacra (IceCv)
  8 iguanas
  21 orc wizards
  A boggart simulacrum (D:14)
  6 gnolls
  4 acid dragon simulacra (IceCv)
  12 adders
  4 white imps
  9 steam dragon simulacra (IceCv)
  An ufetubus (D:5)
  A worm (D:2)
  5 dart slugs
  58 orcs
  9 ball pythons
  10 endoplasms
  3 giant cockroaches
  15 goblins
  3 hobgoblins (D:2)
  9 jackals
  23 kobolds
  8 quokkas
  2 bats
  4 frilled lizards
  7 rats
  A bush (Lair:3)
  A butterfly (Lair:4)
984 creatures vanquished.

Vanquished Creatures (collateral kills)
  A killer bee (D:7)
  Robin (D:2)
  A goblin (D:2)
  A kobold (D:4)
4 creatures vanquished.

Vanquished Creatures (others)
  A kobold (D:4)
  61 fungi
  100 plants
  3 withered plants (D:13)
165 creatures vanquished.

Grand Total: 1153 creatures vanquished

Notes
Turn   | Place    | Note
-------+----------+-------------------------------------------
     0 | D:1      | pokeman the Deep Elf Hedge Wizard began the quest for the
                  | Orb.
     0 | D:1      | Reached XP level 1. HP: 10/10 MP: 7/7
   269 | D:1      | Reached XP level 2. HP: 16/16 MP: 6/9
   653 | D:1      | Reached skill level 5 in Spellcasting
   803 | D:1      | Reached XP level 3. HP: 20/20 MP: 7/11
   826 | D:1      | Learned a level 3 spell: Mephitic Cloud
   829 | D:1      | Learned a level 2 spell: Call Imp
   832 | D:1      | Learned a level 2 spell: Blink
   836 | D:1      | Learned a level 3 spell: Conjure Flame
  1411 | D:2      | Found a sparkling altar of Nemelex Xobeh.
  1437 | D:2      | Reached skill level 1 in Fighting
  1437 | D:2      | Reached skill level 1 in Armour
  1700 | D:2      | Found a faded altar of an unknown god.
  1796 | D:2      | Reached XP level 4. HP: 25/25 MP: 5/13
  2485 | D:2      | Noticed Robin
  2508 | D:2      | Killed Robin
  2705 | D:2      | Found a runed translucent door.
  2706 | D:2      | Noticed Crazy Yiuf
  2718 | D:2      | Killed Crazy Yiuf
  2719 | D:2      | Reached skill level 6 in Spellcasting
  2719 | D:2      | Reached XP level 5. HP: 29/29 MP: 2/15
  3350 | D:3      | Identified the +1 ring mail of Lies {rCorr Dex+3 Stlth-}
  4039 | D:4      | Noticed Eustachio
  4047 | D:4      | Reached skill level 1 in Fire Magic
  4047 | D:4      | Reached skill level 1 in Air Magic
  4059 | D:4      | Killed Eustachio
  4060 | D:4      | Reached skill level 7 in Spellcasting
  4060 | D:4      | Reached skill level 1 in Poison Magic
  4060 | D:4      | Reached skill level 1 in Evocations
  4060 | D:4      | Reached XP level 6. HP: 24/34 MP: 10/18
  4345 | D:4      | Found a runed translucent gate.
  4345 | D:4      | Found a runed translucent gate.
  4345 | D:4      | Noticed pokeman's ghost (amateur DEHW)
  4346 | D:4      | Found a runed translucent gate.
  4677 | D:4      | Reached XP level 7. HP: 38/38 MP: 12/20
  4793 | D:4      | Identified the +2 ring mail of the Locust {Dex+2 Slay+3}
  4934 | D:4      | Found Hamytsov's Assorted Antiques.
  5567 | D:4      | Reached skill level 8 in Spellcasting
  5567 | D:4      | Reached skill level 1 in Necromancy
  5625 | D:4      | Killed pokeman's ghost
  5778 | D:5      | Entered Level 5 of the Dungeon
  5864 | D:5      | Reached XP level 8. HP: 35/44 MP: 12/22
  5958 | D:5      | Reached skill level 9 in Spellcasting
  6162 | D:5      | Found a staircase to the Ecumenical Temple.
  6193 | Temple   | Entered the Ecumenical Temple
  6234 | Temple   | Became a worshipper of Vehumet
  6454 | D:5      | Identified the +1 cloak "Puazig" {Int+5}
  6481 | D:5      | Reached skill level 5 in Conjurations
  6645 | D:5      | Identified the +0 ring mail of Awypsu {rElec rN+++ Will-}
  6853 | D:6      | Reached skill level 10 in Spellcasting
  7084 | D:6      | Noticed Maggie
  7132 | D:6      | HP: 1/44 [Maggie/bolt of fire (31)]
  7133 | D:6      | Killed Maggie
  7134 | D:6      | Reached XP level 9. HP: 1/48 MP: 4/25
  7266 | D:6      | Reached skill level 11 in Spellcasting
  7266 | D:6      | Reached skill level 5 in Fire Magic
  7592 | D:6      | Reached * piety under Vehumet
  7592 | D:6      | Offered knowledge of Sandblast by Vehumet.
  7848 | D:6      | Identified the +2 ring mail of the Bedazzling Gods {Int+2}
  8307 | D:7      | Reached skill level 12 in Spellcasting
  8406 | D:7      | Found a shimmering altar of Xom.
  8756 | D:7      | Found a shadowy altar of Dithmenos.
  9045 | D:7      | Found a bloodstained altar of Trog.
  9251 | D:7      | Noticed Sigmund
  9266 | D:7      | Noticed Edmund
  9276 | D:7      | Killed Edmund
  9284 | D:7      | Killed Sigmund
  9285 | D:7      | Reached XP level 10. HP: 56/56 MP: 14/28
  9940 | D:8      | Found an opulent altar of Gozag.
 10285 | D:8      | Found a stormy altar of Qazlal.
 10299 | D:8      | Noticed Maurice
 10312 | D:8      | Killed Maurice
 10433 | D:8      | Reached skill level 13 in Spellcasting
 10435 | D:8      | Reached ** piety under Vehumet
 10435 | D:8      | Offered knowledge of Poisonous Vapours by Vehumet.
 11282 | D:8      | Found a sparkling altar of Nemelex Xobeh.
 11312 | D:9      | Found a staircase to the Orcish Mines.
 11334 | D:9      | Offered knowledge of Static Discharge by Vehumet.
 11636 | D:9      | Reached skill level 14 in Spellcasting
 11796 | D:9      | Found a shimmering blue altar of Sif Muna.
 11812 | D:9      | Found an ancient bone altar of Kikubaaqudgha.
 11846 | D:9      | Reached *** piety under Vehumet
 12003 | D:9      | Found a blossoming altar of Fedhas.
 12104 | D:10     | Entered Level 10 of the Dungeon
 12130 | D:10     | Found a glowing golden altar of the Shining One.
 12132 | D:10     | Noticed an angel
 12141 | D:10     | Found a basalt altar of Yredelemnul.
 12214 | D:10     | Found a bloodstained altar of Trog.
 12214 | D:10     | Noticed an orc knight
 12241 | D:10     | Killed an orc knight
 12242 | D:10     | Reached XP level 11. HP: 51/61 MP: 20/31
 12540 | D:10     | Learned a level 7 spell: Orb of Destruction
 12548 | D:10     | Noticed a seven-headed hydra
 12815 | D:10     | Noticed a two-headed ogre
 12839 | D:10     | Killed a two-headed ogre
 12839 | D:10     | Offered knowledge of Inner Flame by Vehumet.
 12980 | D:10     | Reached skill level 15 in Spellcasting
 13137 | D:10     | Noticed an obsidian statue
 13157 | D:10     | Gained mutation: You occasionally lose the ability to read
                  | scrolls when taking damage. [potion of mutation]
 13157 | D:10     | Gained mutation: You are partially covered in iridescent
                  | scales. (AC +2) [potion of mutation]
 13166 | D:10     | Lost mutation: You occasionally lose the ability to read
                  | scrolls when taking damage. [potion of mutation]
 13166 | D:10     | Lost mutation: You are partially covered in iridescent
                  | scales. (AC +2) [potion of mutation]
 13166 | D:10     | Gained mutation: Your system is resistant to poisons.
                  | (rPois) [potion of mutation]
 13166 | D:10     | Gained mutation: Your spells are a little harder to cast,
                  | but a little more powerful. [potion of mutation]
 13605 | D:10     | Found Rooroll's Antique Armour Boutique.
 13653 | D:10     | Killed a seven-headed hydra
 13746 | D:10     | Found a sacrificial altar of Ru.
 13847 | D:10     | Killed an obsidian statue
 13848 | D:10     | Reached skill level 5 in Armour
 15064 | D:11     | Found a staircase to the Lair.
 15201 | D:11     | Reached skill level 16 in Spellcasting
 15426 | D:11     | Found Gyudan's Antique Armour Boutique.
 15696 | D:11     | Reached **** piety under Vehumet
 15797 | D:11     | Noticed a two-headed ogre
 15814 | D:11     | Killed a two-headed ogre
 15814 | D:11     | Offered knowledge of Fireball by Vehumet.
 15821 | D:11     | Learned a level 5 spell: Fireball
 16046 | D:12     | Noticed a deep elf pyromancer
 16075 | D:12     | Killed a deep elf pyromancer
 16076 | D:12     | Reached XP level 12. HP: 20/68 MP: 15/34
 16731 | D:12     | Reached skill level 5 in Fighting
 17138 | D:12     | Reached skill level 10 in Conjurations
 17538 | D:13     | Reached skill level 17 in Spellcasting
 17752 | D:13     | Noticed a centaur warrior
 17754 | D:13     | Killed a centaur warrior
 17801 | D:13     | Noticed Josephine
 17809 | D:13     | Reached skill level 10 in Fire Magic
 17810 | D:13     | Killed Josephine
 18094 | D:13     | Reached skill level 18 in Spellcasting
 18104 | D:13     | Noticed a two-headed ogre
 18108 | D:13     | Killed a two-headed ogre
 18701 | D:14     | Noticed a centaur warrior
 18706 | D:14     | Killed a centaur warrior
 18707 | D:14     | Reached XP level 13. HP: 74/74 MP: 23/37
 19339 | D:14     | Reached skill level 19 in Spellcasting
 19793 | D:14     | Found a gate to the Vaults.
 19970 | D:14     | Reached ***** piety under Vehumet
 19993 | D:14     | Offered knowledge of Conjure Ball Lightning by Vehumet.
 20467 | D:15     | Entered Level 15 of the Dungeon
 20596 | D:15     | Found a hide-covered altar of Uskayaw.
 20742 | D:15     | Reached skill level 20 in Spellcasting
 20883 | D:15     | Reached XP level 14. HP: 31/80 MP: 23/40
 21446 | D:15     | Identified a scroll of acquirement
 21447 | D:15     | Acquired 765 gold pieces
 21604 | D:15     | Found a staircase to the Depths.
 21961 | Lair:1   | Entered Level 1 of the Lair of Beasts
 23632 | Lair:2   | Noticed Gastronok
 23640 | Lair:2   | Killed Gastronok
 23852 | Lair:2   | Learned a level 9 spell: Fire Storm
 24823 | Lair:3   | Reached skill level 21 in Spellcasting
 25314 | Lair:4   | Offered knowledge of Freezing Cloud by Vehumet.
 25321 | Lair:4   | Learned a level 5 spell: Freezing Cloud
 25420 | Lair:4   | Found a staircase to the Swamp.
 25473 | Lair:4   | Found a staircase to the Snake Pit.
 26181 | Lair:4   | Learned a level 3 spell: Swiftness
 26198 | Lair:5   | Reached skill level 1 in Ice Magic
 27292 | Lair:6   | Entered Level 6 of the Lair of Beasts
 27316 | Lair:6   | Reached XP level 15. HP: 85/85 MP: 9/42
 27602 | Lair:6   | Found a frozen archway.
 27607 | IceCv    | Entered an ice cave
 27845 | IceCv    | Reached skill level 22 in Spellcasting
 27851 | IceCv    | Offered knowledge of Eringya's Noxious Bog by Vehumet.
 28095 | IceCv    | Identified the amulet "Hiuddiqeax" {Reflect rF- rC+ Will++
                  | Str+4 SH+5}
 28112 | IceCv    | Identified the amulet of the Establishment {Acrobat rF-
                  | Int+5 Dex+7}
 29564 | Lair:6   | Found a staircase to the Slime Pits.
 30209 | Orc:1    | Entered Level 1 of the Orcish Mines
 30212 | Orc:1    | Offered knowledge of Lightning Bolt by Vehumet.
 30217 | Orc:1    | Noticed Snorg
 30221 | Orc:1    | Killed Snorg
 30229 | Orc:1    | Noticed Jorgrun
 30233 | Orc:1    | Killed Jorgrun
 30829 | Orc:2    | Entered Level 2 of the Orcish Mines
 31053 | Orc:2    | Reached skill level 1 in Earth Magic
 31351 | Orc:2    | Offered knowledge of Yara's Violent Unravelling by Vehumet.
 31357 | Orc:2    | Reached ****** piety under Vehumet
 31530 | Orc:2    | Found a staircase to the Elven Halls.
 31944 | Orc:2    | Found Qaith's Book Boutique.
 31944 | Orc:2    | Found Zogistro's General Store.
 31946 | Orc:2    | Found Ceuhasod's Armour Shoppe.
 31948 | Orc:2    | Found Myco Ewo's Magic Scroll Shop.
 31960 | Orc:2    | Bought a scroll of identify for 30 gold pieces
 32404 | Swamp:1  | Entered Level 1 of the Swamp
 32406 | Swamp:1  | Reached skill level 23 in Spellcasting
 33013 | Swamp:1  | Reached XP level 16. HP: 93/93 MP: 39/45
 33882 | Swamp:2  | Noticed Donald
 33888 | Swamp:2  | Killed Donald
 34274 | Swamp:3  | Noticed a thorn hunter
 34276 | Swamp:3  | Killed a thorn hunter
 34279 | Swamp:3  | Offered knowledge of Irradiate by Vehumet.
 34646 | Swamp:3  | Reached skill level 1 in Shields
 34650 | Swamp:3  | Identified Roxanne's Reference Book on Changing
 34650 | Swamp:3  | Noticed Roxanne
 34652 | Swamp:3  | Noticed Bai Suzhen
 34657 | Swamp:3  | Killed Roxanne
 34658 | Swamp:3  | Reached skill level 24 in Spellcasting
 34663 | Swamp:3  | Killed Bai Suzhen
 35050 | Swamp:4  | Entered Level 4 of the Swamp
 35488 | Swamp:4  | Reached skill level 15 in Conjurations
 35519 | Swamp:4  | Noticed the 27-headed Lernaean hydra
 35754 | Swamp:4  | Killed the 27-headed Lernaean hydra
 35985 | Swamp:4  | Reached skill level 15 in Fire Magic
 36055 | Swamp:4  | Got a decaying rune of Zot
 36779 | Snake:1  | Entered Level 1 of the Snake Pit
 36831 | Snake:1  | Offered knowledge of Starburst by Vehumet.
 37039 | Snake:1  | Reached XP level 17. HP: 97/97 MP: 47/47
 37297 | Snake:1  | Reached skill level 25 in Spellcasting
 37803 | Snake:1  | Found Nuh Fia's Jewellery Shoppe.
 38900 | Snake:2  | Noticed Azrael
 38906 | Snake:2  | Killed Azrael
 39341 | Snake:2  | Found a glowing silver altar of Zin.
 39884 | Snake:3  | Found Solebrima's Armour Emporium.
 40062 | Snake:3  | Found a transporter.
 40083 | Snake:3  | Found a one-way gate to the infinite horrors of the Abyss.
 40094 | Snake:3  | Found a transporter.
 40094 | Snake:3  | Noticed a tentacled monstrosity
 40097 | Snake:3  | Noticed Wirghost's ghost (adept DESu)
 40122 | Snake:3  | Found the +9 sword of Zonguldrok {reap}
 40800 | Snake:4  | Entered Level 4 of the Snake Pit
 40923 | Snake:4  | Reached skill level 5 in Shields
 41365 | Snake:4  | Noticed a quicksilver dragon
 41366 | Snake:4  | Noticed a quicksilver dragon
 41368 | Snake:4  | Killed a quicksilver dragon
 41368 | Snake:4  | Killed a quicksilver dragon
 41369 | Snake:4  | Reached skill level 26 in Spellcasting
 41393 | Snake:4  | HP: 4/97 [poisoned by a nagaraja (splash of poison)]
 41404 | Snake:4  | HP: 3/97 [black mamba[a naga sharpshooter] (9)]
 41405 | Snake:4  | Shot with an arrow by a naga sharpshooter

Illustrated notes

Levels and vault maps discovered:
D:1:      dpeg_arrival_connections, layout_loops_ring
D:2:      layout_loops_ring, hellmonk_ecumenical_altar_run_dry, basic_altar,
          minmay_tetromino_l4, uniq_crazy_yiuf_cottage, uniq_robin
D:3:      layout_loops_corners, grunt_ministairs_9
D:4:      layout_loops_corners, serial_shops, kennysheep_mini_moat,
          gammafunk_ghost_nasty_kobolds, uniq_eustachio
D:5:      layout_cave_pools, temple_doors_e, kennysheep_generic_room_9
D:6:      layout_basic, chequers_decorated_corner,
          hangedman_abyss_or_decor_jellyfish_corner, uniq_maggie
D:7:      layout_layer_cave, mainiacjoe_overflow_cross_hatched,
          xom_confusion_cloud, grunt_dithmenos_smoke, corner_web_ring,
          sigmund_edmund_badplayer
D:8:      layout_cave_pools, grunt_qazlal_clouds, lemuel_coloured_pillars_altar,
          nicolae_gozag_seed_capital, uniq_maurice
D:9:      layout_big_octagon, mainiacjoe_overflow_concentric_impassable,
          fedhas_altar_4, led_sif_pool, david_orc_2
D:10:     layout_irregular_city, grunt_temple_overflow_holy_war,
          grunt_ogre_cave, minmay_strange_pillars, minivault_16,
          hangedman_feature_mirror, nicolae_stop_n_shop_1
D:11:     wad_crossroads, layout_irregular_city, grunt_lair_entry_orc_guard_hut,
          minmay_shop_grid_forest, minmay_nine_imps
D:12:     layout_grid_maze
D:13:     layout_roguey, serial_undead, serial_undead_f, serial_undead_d,
          serial_undead_c, serial_undead_a, uniq_josephine
D:14:     layout_rooms, erik_vaults_2, kennysheep_flooded_box
D:15:     gammafunk_enter_depths_forms, layout_gridville, serial_park_square2
Temple:   grunt_temple_mini_profane
Lair:1:   layout_loops_ring, serial_bayou_shore_b, lemuel_fruit_fields,
          grunt_megastairs_4, serial_bayou_shore_a
Lair:2:   layout_chaotic_city, uniq_gastronok
Lair:3:   layout_regular_city, st_stairs_9, serial_bayou_shore_b,
          infiniplex_staircase_pool_2, lemuel_fruit_tree
Lair:4:   layout_layer_cave, swamp_mist_pool, guppyfry_snake_entry_garden,
          lemuel_fruit_fields, grunt_megastairs_1, infiniplex_staircase_pool,
          lemuel_fruit_fields
Lair:5:   layout_cave_pods
Lair:6:   guppyfry_lair_end_dragon, layout_loops_ring,
          hangedman_lair_tendril_chambers, dpeg_slime_entry_enclosed,
          portal_ice_cave_entry_pillars_1
Swamp:1:  layout_basic_swamp, serial_swamp_ruin, evilmike_swamp_ruin_house_4,
          hangedman_swamp_ruin_wall
Swamp:2:  layout_basic_swamp, evilmike_swamp_ruin_house_6, lightli_tree_ring,
          uniq_donald
Swamp:3:  layout_basic_swamp, evilmike_swamp_ruin_house_5, uniq_roxanne,
          uniq_bai_suzhen
Swamp:4:  swamp_old_school, layout_basic_swamp
Snake:1:  layout_misc_corridors, minmay_shop_star, grunt_megastairs_2
Snake:2:  layout_honeycomb, basic_altar, serial_bayou_shore_b, uniq_azrael
Snake:3:  layout_basic, gammafunk_ghost_abyssal_escape, serial_shops,
          nicolae_shop_hallway_plus
Snake:4:  hellmonk_snake_rune_quicksilver_temple, layout_cave_town,
          serial_shops, shop, library_closet
Orc:1:    layout_caves, basic_altar, uniq_jorgrun, uniq_snorg
Orc:2:    st_orc_rangers, layout_diamond_mine

Skill      XL: |  1  2  3  4  5  6  7  8  9 10 11 12 13 14 15 16 17 |
---------------+----------------------------------------------------+-----
Spellcasting   | 5 6 7 8 10 12 14 16 18 20 21 23 24 26 | 26.1
Fighting       | 1 2 3 4 6 8 |  8.0
Armour         | 1 3 4 5 6 7 8 |  8.0
Conjurations   | 2 3 4 5 7 8 9 11 12 13 14 15 16 | 16.2
Dodging        | 3 |  3.0
Stealth        | 3 |  3.1
Fire Magic     | 1 3 4 6 7 9 10 11 12 13 15 16 | 16.0
Air Magic      | 1 |  1.0
Poison Magic   | 1 |  1.1
Evocations     | 1 |  1.1
Necromancy     | 1 |  1.1
Ice Magic      | 2 4 |  4.0
Earth Magic    | 1 |  1.0
Shields        | 3 5 |  5.5
Summonings     | |  1.1
Translocations | |  1.1

Action                   |  1- 3 |  4- 6 |  7- 9 | 10-12 | 13-15 | 16-18 || total
-------------------------+-------+-------+-------+-------+-------+-------++-------
Melee: Great sword       |     1 |    18 |   110 |   236 |     3 |       ||   368
       Dagger            |     1 |       |       |       |       |       ||     1
       Staff             |       |       |       |       |    12 |     8 ||    20
 Cast: Magic Dart        |   107 |   135 |   171 |   133 |     1 |     1 ||   548
       Call Imp          |       |     2 |     6 |    15 |     1 |       ||    24
       Mephitic Cloud    |       |     3 |    26 |    56 |     3 |       ||    88
       Blink             |       |     1 |     5 |    14 |     9 |     3 ||    32
       Conjure Flame     |       |     1 |    16 |    35 |       |       ||    52
       Orb of Destructio |       |       |       |    13 |    14 |    12 ||    39
       Fireball          |       |       |       |    72 |   470 |   263 ||   805
       Freezing Cloud    |       |       |       |       |     1 |    30 ||    31
Evoke: Wand              |       |       |     1 |     4 |     1 |     1 ||     7
  Use: Scroll            |       |       |       |    11 |    13 |     5 ||    29
       Potion            |       |       |       |     4 |       |     1 ||     5
 Stab: Confused          |       |     2 |     3 |    16 |     1 |       ||    22
       Sleeping          |       |       |       |     1 |       |       ||     1
Armor: Robe              |     2 |       |       |       |       |       ||     2
       Leather armour    |     1 |    12 |    49 |    58 |       |       ||   120
       Swamp dragon scal |       |       |       |   138 |    45 |    23 ||   206
Dodge: Dodged            |     9 |    43 |   120 |   303 |    42 |    17 ||   534
Block: Other             |       |       |       |       |     6 |     8 ||    14
       Reflection        |       |       |       |       |     1 |    10 ||    11
       Buckler           |       |       |       |       |       |    13 ||    13

Table legend: (Time is in decaauts)
 A = Elapsed time spent in this place.
 B = Non-inter-level travel time spent in this place.
 C = Inter-level travel time spent in this place.
 D = Time resting spent in this place.
 E = Time spent auto-exploring this place.
 F = Levels seen in this place.
 G = Mean time per level.
                   A        B        C        D        E       F      G
               +--------+--------+--------+--------+--------+-----+--------+
         Total |  42988 |  39862 |   3126 |   4216 |  30084 |  33 | 1302.7 |
       Dungeon |  23185 |  21290 |   1895 |   2499 |  15458 |  15 | 1545.7 |
        Temple |    231 |    195 |     36 |      0 |     30 |   1 |  231.0 |
          Lair |   7875 |   7101 |    774 |    557 |   5839 |   6 | 1312.5 |
         Swamp |   4115 |   3967 |    148 |    181 |   3300 |   4 | 1028.8 |
     Snake Pit |   4858 |   4706 |    152 |    549 |   3643 |   4 | 1214.5 |
  Orcish Mines |   1988 |   1869 |    119 |    217 |   1437 |   2 |  994.0 |
      Ice Cave |    733 |    733 |      0 |    213 |    374 |   1 |  733.0 |
               +--------+--------+--------+--------+--------+-----+--------+

Top non-repeatable levels by time:
     D:7: 2412 daAuts
    D:10: 2083 daAuts
    D:13: 2031 daAuts
     D:4: 1812 daAuts
  Lair:6: 1750 daAuts
    D:11: 1724 daAuts
 Snake:1: 1617 daAuts
    D:12: 1595 daAuts
  Lair:4: 1589 daAuts
 Snake:2: 1544 daAuts
     D:2: 1538 daAuts
     D:6: 1488 daAuts
    D:15: 1403 daAuts
     D:1: 1398 daAuts
     D:8: 1364 daAuts
